Unix NetHack Version 5.0.0-0 post-release - last build Jun 10 2026 00:39:30 (3ee93aec679c4c4259841fe613dc97188e26a321,branch:main).

Game began 2026-06-09 04:02:56, ended 2026-06-10 02:37:56.

IanCurtis, chaotic male elven Wizard

                                                                          ----
                                                ---                       |..--
                               ----            --.--                      |^..|
                               |..--------    --...--                     --.--
                            -- |.....--..------.....|  ---              ----.--
                            ..---...`......|........|  |.--            --.....|
                            |..--...................----..|            |.....--
                             -.....---...................-             |.|.---
                             |.......|-..................--            |.|--
                          ----.......---.(.--.............|            |.|
                        |.............--------....|.|.....---          |.|
                        --#-.....>%.....|    |..-------.....--        --.|
                          |.............#    ----     --.....-        |..|
                          --#..--.|.....|--##          |...--..       |.--
                            |..#-------.|...##         #.).| -        |.|
                            |....#    |......|         --..|       ----.|
                            --.^.-#-  |.....--         --..--     --....--
                             --#...#####...-------#-----....-------......|
                               --..|#####.....^+)A.hN).G.................|
                                ##--    -----------------.-----------.|.--
                                                        ---         -----
IanCurtis the Thaumaturge  St:16 Dx:17 Co:16 In:15 Wi:13 Ch:13  Chaotic
Dlvl:12 $:307 HP:0(70) Pw:7(108) AC:-3 Xp:9 T:10900  Burdened

Latest messages:
 The Aleax just misses!
 The Aleax kicks!
 In what direction? l
 The spell misses the Aleax.
 The Aleax thrusts his dagger.
 The Aleax just misses!
 The Aleax thrusts his dagger.
 The Aleax hits!
 The Aleax kicks!
 In what direction? l
 The spell misses the Aleax.
 The Aleax thrusts his dagger.
 The Aleax hits!
 The Aleax thrusts his dagger.
 The Aleax hits again!
 The Aleax kicks!
 What do you want to write with? [- aceflnqtwxzA-CEIKM-PUXY or ?*] -
 You write in the dust with your fingertip.
 What do you want to write in the dust here? Elbereth
 Something is written here in the dust.
 You read: "Elbereth".
 You see here a dart.
 Are you waiting to get hit?  Use 'm' prefix to force a no-op (to rest).
 The dwarf lord swings his pick-axe.
 The dwarf lord hits!
 The dwarf lord swings his pick-axe.
 The dwarf lord hits again!
 Something is written here in the dust.
 You read: "E|bereth".
 You see here a dart.
 You miss the Aleax.
 The Aleax thrusts his dagger.
 The Aleax hits!
 The Aleax thrusts his dagger.
 The Aleax just misses!
 The Aleax kicks!
 What do you want to write with? [- aceflnqtwxzA-CEIKM-PUXY or ?*] <space>
 Never mind.
 What do you want to write with? [- aceflnqtwxzA-CEIKM-PUXY or ?*] a
 Do you want to add to the current engraving? [ynq] (y) n
 You wipe out the message that was written in the dust here.
 You write in the dust with a blessed +1 quarterstaff (weapon in hands).
 What do you want to write in the dust here? Elbereth
 The Aleax thrusts his dagger.
 The Aleax hits!
 The Aleax thrusts his dagger.
 The Aleax hits again!
 The Aleax kicks!
 You die...
 Do you want your possessions identified? [ynq] (y) q

Inventory:
 Coins    ('$')
  $ - 307 gold pieces
 Weapons  (')')
  U - 14 blessed +2 arrows
  l - 7 +0 crossbow bolts
  q - the +0 Sting
  a - a blessed +1 quarterstaff (weapon in hands)
 Armor    ('[')
  r - an uncursed +0 orcish helm (being worn)
  J - an uncursed +0 pair of leather gloves
  H - an uncursed +0 cloak of magic resistance (being worn)
  i - an uncursed +0 Hawaiian shirt with a hula dancer motif
  g - a blessed rotproof +2 silver dragon scale mail (being worn)
 Comestibles  ('%')
  h - an uncursed food ration
  L - an uncursed K-ration
  Z - 2 uncursed tripe rations
  F - an uncursed lizard corpse
 Scrolls  ('?')
  v - a blessed scroll of blank paper
  G - a blessed scroll of remove curse
 Potions  ('!')
  y - an uncursed potion of extra healing
 Rings    ('=')
  t - an uncursed ring of invisibility
  e - an uncursed ring of stealth
  K - an uncursed ring of teleport control
  E - an uncursed ring of warning named warning
 Wands    ('/')
  c - a wand of cancellation (0:7)
  A - a wand of digging (0:7)
  M - a wand of digging (0:3)
  Y - a wand of enlightenment (0:10)
  X - a wand of light (0:11)
  N - a wand of lightning (0:0)
  O - a wand of lightning (0:0)
  I - a wand of make invisible (0:2)
  P - a wand of polymorph (0:5)
  f - a wand of secret door detection (0:13)
  C - a wand of teleportation (0:6)
  w - a wand of undead turning (0:5)
 Tools    ('(')
  b - an uncursed sack containing 23 items
  p - an uncursed bugle
  o - an uncursed blindfold
  R - an expensive camera (0:54)
  x - a magic marker (0:44)
  n - a magic marker (0:20)
  D - an uncursed magic whistle
  d - a +0 pick-axe
  k - an uncursed skeleton key
  s - a blessed tallow candle
  T - a blessed +0 unicorn horn
 Gems/Stones  ('*')
  z - an uncursed flint stone
  B - an uncursed luckstone

Contents of the sack:
  an uncursed scroll of charging
  an uncursed scroll of scare monster
  2 uncursed scrolls of enchant weapon
  an uncursed scroll of light named frighten monster?
  an uncursed scroll of genocide
  an uncursed scroll of magic mapping
  an uncursed scroll of identify named identify
  a cursed scroll of identify
  an uncursed scroll of gold detection
  2 uncursed scrolls of create monster
  2 uncursed scrolls of destroy armor
  2 uncursed scrolls of enchant armor
  an uncursed scroll of remove curse
  a cursed potion of blindness
  an uncursed potion of booze
  2 blessed potions of healing
  an uncursed potion of healing
  an uncursed potion of invisibility
  an uncursed potion of sickness
  an uncursed potion of levitation
  an uncursed potion of gain level
  2 uncursed potions of water
  a cursed luckstone named luck?

IanCurtis the Wizard's attributes:

Background:
 You were a Thaumaturge, a level 9 male elven Wizard.
 You were chaotic, on a mission for Anhur
 who was opposed by Ptah (lawful) and Thoth (neutral).
 You were right-handed.
 You were in the Gnomish Mines, on level 12.
 You entered the dungeon 10900 turns ago.
 It was nighttime.
 You had 3812 experience points, 1308 more were needed to attain level 10.

Basics:
 You had 0 out of 70 hit points.
 You had 7 out of 108 energy points (spell power).
 Your armor class was -3.
 Your wallet contained 307 zorkmids.
 Autopickup was off.

Final Characteristics:
 Your strength was 16 (limit:18).
 Your dexterity was 17 (limit:18).
 Your constitution was 16 (limit:16).
 Your intelligence was 15 (limit:20).
 Your wisdom was 13 (limit:20).
 Your charisma was 13 (limit:18).

Final Status:
 You weren't hungry.
 You were burdened; movement was slightly slowed.
 You were wielding a quarterstaff.
 You had basic skill with quarterstaff and could have enhanced that.

Final Attributes:
 You were piously aligned.
 You were magic-protected.
 You were cold resistant.
 You were sleep resistant.
 You were telepathic.
 You had infravision.
 You were invisible.
 You were warded.
 You had reflection.
 You were lucky.
 You had extra luck.
 Bad luck did not time out for you.
 Good luck did not time out for you.
 You are dead.

Miscellaneous:
 You encountered 1 bones level.
 Total elapsed playing time was 2 hours, 7 minutes and 7 seconds.

Major events:
 Turn
    1: IanCurtis the chaotic male elven Wizard entered the dungeon
  829: attained the rank of Conjurer (level 3)
 1497: chose an elven dagger to be named "Sting"
 1540: entered the Gnomish Mines
 2345: attained the rank of Thaumaturge (level 6)
 6992: reached Mine Town
10304: acquired the Mines' End luckstone
10900: killed by an Aleax

Spells:
 Name                 Level Category     Fail Retention
 force bolt             1   attack         0%   45%-46%
 wizard lock            2   matter         4%   26%-50%
 healing                1   healing        0%   51%-75%
 magic missile          2   attack         0%   63%-64%
 light                  1   divination     0%  76%-100%

Skills:
 Fighting Skills
   bare handed combat [Unskilled]
   riding             [Unskilled]
 Weapon Skills
   dagger             [Skilled]
   knife              [Unskilled]
   axe                [Unskilled]
   short sword        [Unskilled]
   club               [Unskilled]
   mace               [Unskilled]
   quarterstaff       [Basic]
   polearms           [Unskilled]
   spear              [Unskilled]
   trident            [Unskilled]
   sling              [Unskilled]
   dart               [Unskilled]
   shuriken           [Unskilled]
 Spellcasting Skills
   attack spells      [Expert]
   healing spells     [Unskilled]
   divination spells  [Unskilled]
   enchantment spells [Basic]
   clerical spells    [Unskilled]
   escape spells      [Unskilled]
   matter spells      [Unskilled]

Voluntary challenges:
 Character rerolling was not enabled.
 You never genocided any monsters.
 You never polymorphed an object.
 You never changed form.
 You used no wishes.
Achievements:
 You entered a shop.
 You attained the rank of Conjurer.
 You entered the Gnomish Mines.
 You attained the rank of Thaumaturge.
 You entered Minetown.
 You entered a temple.
 You completed the Gnomish Mines.

 The Dungeons of Doom: levels 1 to 5
    Level 1: "vault"
    Level 2:
       A general store.
    Level 3:
       An armor shop, an altar to Anhur.
    Level 4: "vault"
       A weapon shop.
       Stairs down to The Gnomish Mines.
    Level 5:
       Final resting place for
          npexception-Val-Hum-Fem-Law, killed by a giant spider.
 The Gnomish Mines: levels 5 to 13
    Level 5:
    Level 6:
    Level 7:
    Level 8:
       Many shops, a temple and an altar, some fountains.
    Level 9:
    Level 10:
    Level 11:
    Level 12: <- You were here.
       Final resting place for
          you, killed by an Aleax.
    Level 13:
       Some fountains.


Vanquished creatures:
  a vampire
  a ghost
  2 large mimics
  a sergeant
 an ettin mummy
  a pyrolisk
  a freezing sphere
  a flaming sphere
  a shocking sphere
  a tiger
  a tengu
  2 ochre jellies
  a watchman
  2 chameleons
  a giant beetle
  a quivering blob
  a cockatrice
  a panther
  2 leprechauns
  6 giant spiders
  a horse
  a black light
  a gnome ruler
 an owlbear
  a lizard
  a dog
  a housecat
  a blue jelly
  a gnome mummy
  4 apes
  2 wood nymphs
  a water nymph
  a mountain nymph
 11 Mordor orcs
  7 Uruk-hai
 an orc shaman
  a rock piercer
  4 rock moles
  a pony
  3 fog clouds
  2 yellow lights
  2 shriekers
 12 gnome leaders
  2 gnomish wizards
  4 kobold mummies
  a red naga hatchling
  a golden naga hatchling
  a gray ooze
  2 ghouls
  2 straw golems
  a paper golem
  a baby crocodile
  9 giant ants
  a little dog
  7 floating eyes
  a kitten
 13 dwarves
  a kobold leader
  3 rothes
  a rabid rat
  a centipede
  a giant bat
  2 orc zombies
  2 werejackals
  4 iguanas
 an acid blob
  5 coyotes
  a gas spore
  3 hobbits
  a large kobold
  a hobgoblin
  3 giant rats
  8 cave spiders
  a brown mold
  a yellow mold
 38 gnomes
 11 garter snakes
  2 gnome zombies
  9 geckos
  4 jackals
  3 foxes
  4 kobolds
  4 goblins
  2 sewer rats
  9 grid bugs
  a bat
  4 lichens
  3 kobold zombies
  7 newts
277 creatures vanquished.

No species were genocided or became extinct.

Game over:
                       ----------
                      /          \
                     /    REST    \
                    /      IN      \
                   /     PEACE      \
                  /                  \
                  |    IanCurtis     |
                  |      307 Au      |
                  |   killed by an   |
                  |      Aleax       |
                  |                  |
                  |                  |
                  |       2026       |
                 *|     *  *  *      | *
        _________)/\\_//(\/(/\)/\//\/|_)_______

Goodbye IanCurtis the Wizard...

You died in The Gnomish Mines on dungeon level 12 with 16135 points,
and 307 pieces of gold, after 10900 moves.
You were level 9 with a maximum of 70 hit points when you died.

